 Dungeon Sprint DCSS version 0.23.2-1-ga50397a6bc (webtiles) character file.

Game seed: 1286772295723935476

3703 Kobolds4U the Fencer (level 9, 0/93 HPs)
             Began as a Minotaur Berserker on May 9, 2019.
             Was a High Priest of Trog.
             Slain by a hog (13 damage)
             ... in the Dungeon (Sprint I: "Red Sonja").
             The game lasted 00:03:07 (1305 turns).

Kobolds4U the Fencer (Minotaur Berserker)           Turns: 1305, Time: 00:03:08

Health: 0/93       AC:  4    Str: 21    XL:     9   Next: 91%
Magic:  2/2        EV: 19    Int:  4    God:    Trog [*****.]
Gold:   540        SH:  0    Dex: 14    Spells: 8/8 levels left

rFire    . . .     SeeInvis .   j - +8 great sword (antimagic)
rCold    . . .     Gourm    .   (shield currently unavailable)
rNeg     . . .     Faith    .   k - +0 leather armour
rPois    .         Spirit   .   (helmet restricted)
rElec    .         Reflect  .   (no cloak)
rCorr    .         Harm     .   (no gloves)
MR       ++...     NoTele   +   (no boots)
Stlth    +.........             (no amulet)
HPRegen  1.25/turn              (no ring)
MPRegen  0.08/turn              (no ring)

@: regenerating
A: retaliatory headbutt, horns 2
a: Berserk, Trog's Hand, Brothers in Arms, Renounce Religion


You were in the Dungeon.
You worshipped Trog.
Trog was extremely pleased with you.
You were very hungry.

You visited 1 branch You collected 540 gold pieces.

Inventory:

Hand Weapons
 a - a +0 falchion
 j - a +8 antimagic great sword (weapon)
Armour
 k - a +0 leather armour (worn)
Scrolls
 b - a scroll of amnesia {unknown}
 i - a scroll of blinking
Potions
 d - a potion of curing
 e - a potion of heal wounds
 f - a potion of haste
 g - 2 potions of magic
 h - a potion of berserk rage
Comestibles
 c - 6 chunks of flesh


   Skills:
 + Level 13.5 Fighting
 * Level 17.9 Long Blades
 - Level 9.1 Armour
 + Level 11.2 Dodging


You had 8 spell levels left.
You didn't know any spells.
Your spell library was empty.

Dungeon Overview and Level Annotations

Branches:
Dungeon (1/1)

Altars:
Cheibriados
Dithmenos
Elyvilon
Fedhas
Gozag
Hepliaklqana
Kikubaaqudgha
Makhleb
Nemelex Xobeh
Okawaru
Qazlal
Ru
Sif Muna
Trog
Uskayaw
Vehumet
Wu Jian
Xom
Yredelemnul
Zin
The Shining One
Jiyva
Lugonu

Shops:
D :


Innate Abilities, Weirdness & Mutations

You reflexively headbutt those who attack you in melee.
You have a pair of horns on your head.


Message History

Your skin crawls.
You feel resistant to hostile enchantments.
You feel somewhat more hungry. The hog completely misses you.
You slash the hog!
You kill the hog!
Trog accepts your kill.
You slash the hog! Your headbutt misses the hog.
The hog is heavily wounded.
The hog bites you!
* * * LOW HITPOINT WARNING * * *
You slash the hog! You headbutt the hog.
You kill the hog!
Trog accepts your kill.
You barely miss the hog. Your headbutt misses the hog. The hog bites you!
* * * LOW HITPOINT WARNING * * *
You are feeling very hungry.
You slash the hog! Your headbutt misses the hog.
The hog is moderately wounded.
The hog bites you!
You die...

#######################
__#..')..#((#§§§@hhh§§h
^.'..#)..##'#§####hh§§.#
__####...'.§#§# #§§§##
### #####..§.# ##+#
#+####


You could see 3 hogs.

Vanquished Creatures
  A lindwurm (D)
  2 kobold demonologists (D)
  4 demonic crawlers (D)
  A slime creature (D)
  Sigmund (D)
  8 hogs (D)
  A yak (D)
  A floating eye (D)
  An ogre (D)
  A jelly (D)
  Ijyb (D)
22 creatures vanquished.

Notes
Turn   | Place    | Note
-------+----------+-------------------------------------------
     0 | D        | Kobolds4U the Minotaur Berserker began the quest for the
                  | Orb.
     0 | D        | Reached XP level 1. HP: 19/19 MP: 0/0
     1 | D        | Noticed Ijyb
    19 | D        | Killed Ijyb
    19 | D        | Reached skill level 5 in Fighting
    19 | D        | Reached skill level 6 in Long Blades
    19 | D        | Reached XP level 2. HP: 1/29 MP: 1/1
   321 | D        | Noticed an ogre
   324 | D        | Killed an ogre
   324 | D        | Reached skill level 9 in Long Blades
   324 | D        | Reached XP level 3. HP: 38/38 MP: 2/2
   324 | D        | Reached XP level 4. HP: 45/45 MP: 3/3
   335 | D        | Noticed Sigmund
   337 | D        | Killed Sigmund
   337 | D        | Reached ** piety under Trog
   337 | D        | Reached skill level 11 in Long Blades
   337 | D        | Reached XP level 5. HP: 46/56 MP: 4/4
   337 | D        | Reached XP level 6. HP: 51/62 MP: 5/5
   379 | D        | Found an ornate altar of the Wu Jian Council.
   379 | D        | Found a deep blue altar of Sif Muna.
   381 | D        | Found a radiant altar of Vehumet.
   433 | D        | Found Ceorrom's Book Emporium.
   433 | D        | Found an ancient bone altar of Kikubaaqudgha.
   433 | D        | Found a hazy altar of Hepliaklqana.
   433 | D        | Found a stormy altar of Qazlal.
   433 | D        | Found a hide-covered altar of Uskayaw.
   433 | D        | Found a blossoming altar of Fedhas.
   433 | D        | Found a bloodstained altar of Trog.
   433 | D        | Found an iron altar of Okawaru.
   433 | D        | Found a basalt altar of Yredelemnul.
   433 | D        | Found a glowing golden altar of the Shining One.
   433 | D        | Found a snail-covered altar of Cheibriados.
   433 | D        | Found a sacrificial altar of Ru.
   433 | D        | Found a glowing silver altar of Zin.
   433 | D        | Found a shadowy altar of Dithmenos.
   433 | D        | Found a white marble altar of Elyvilon.
   433 | D        | Noticed a yak
   442 | D        | Killed a yak
   442 | D        | Reached skill level 12 in Long Blades
   443 | D        | Found an opulent altar of Gozag.
   444 | D        | Found a sparkling altar of Nemelex Xobeh.
   525 | D        | Found a viscous altar of Jiyva.
   525 | D        | Found a corrupted altar of Lugonu.
   525 | D        | Noticed a slime creature
   526 | D        | Found a burning altar of Makhleb.
   526 | D        | Found a shimmering altar of Xom.
   538 | D        | Killed a slime creature
   538 | D        | Reached *** piety under Trog
   538 | D        | Reached skill level 10 in Fighting
   538 | D        | Reached skill level 13 in Long Blades
   538 | D        | Reached XP level 7. HP: 16/72 MP: 6/6
   803 | D        | Noticed a kobold demonologist
   803 | D        | Noticed a kobold demonologist
   806 | D        | Noticed an ice devil
   808 | D        | Noticed an ice devil
   811 | D        | Noticed a rust devil
   814 | D        | Noticed an orange demon
   822 | D        | Noticed a sixfirhy
   824 | D        | Killed a kobold demonologist
   824 | D        | Reached skill level 14 in Long Blades
   824 | D        | Reached skill level 5 in Dodging
   833 | D        | Killed a kobold demonologist
   833 | D        | Reached **** piety under Trog
   833 | D        | Reached XP level 8. HP: 50/82 MP: 7/7
  1030 | D        | Noticed a demonic crawler
  1030 | D        | Noticed a demonic crawler
  1030 | D        | Noticed a demonic crawler
  1030 | D        | Noticed a demonic crawler
  1037 | D        | Killed a demonic crawler
  1037 | D        | Reached skill level 15 in Long Blades
  1041 | D        | Killed a demonic crawler
  1046 | D        | Killed a demonic crawler
  1046 | D        | Reached XP level 9. HP: 59/90 MP: 8/8
  1048 | D        | Killed a demonic crawler
  1048 | D        | Reached ***** piety under Trog
  1048 | D        | Reached skill level 16 in Long Blades
  1250 | D        | Noticed a lindwurm
  1262 | D        | Killed a lindwurm
  1262 | D        | Reached skill level 10 in Dodging
  1277 | D        | Reached skill level 17 in Long Blades
  1287 | D        | Received a gift from Trog
  1305 | D        | Slain by a hog

Skill      XL: |  1  2  3  4  5  6  7  8  9 |
---------------+----------------------------+-----
Fighting       | 5 6 8 10 11 12 13 | 13.5
Long Blades    | 6 9 11 13 14 15 17 | 17.9
Armour         | 4 7 9 |  9.1
Dodging        | 7 9 11 | 11.2

Action                   |  1- 3 |  4- 6 |  7- 9 || total
-------------------------+-------+-------+-------++-------
Melee: Falchion          |    19 |    24 |    76 ||   119
       Headbutt          |     1 |     8 |    24 ||    33
       Great sword       |       |       |     8 ||     8
Invok: Berserk           |     1 |       |     2 ||     3
       Trog's Hand       |       |       |     1 ||     1
  Eat: Ration            |       |       |     1 ||     1
Armor: Animal skin       |     2 |       |       ||     2
       Leather armour    |       |     3 |    18 ||    21
Dodge: Dodged            |     4 |     7 |    44 ||    55
       Rpst.: Falchion   |     1 |     2 |     7 ||    10
       Great sword       |       |       |     1 ||     1
